 Dungeon Crawl Stone Soup version 0.27-a0-695-gb4952372f7 (webtiles) character file.

Game seed: 7735010543769034488

413 acebull12 the Shield-Bearer (level 6, -2/38 HPs)
             Began as a Gargoyle Fighter on Mar 21, 2021.
             Slain by an orc
             ... wielding a +0 flail
              (9 damage)
             ... on level 5 of the Dungeon.
             The game lasted 00:13:50 (3321 turns).

acebull12 the Shield-Bearer (Gargoyle Fighter)      Turns: 3321, Time: 00:13:50

Health: -2/38      AC: 11    Str: 21    XL:     6   Next: 91%
Magic:  6/6        EV:  7    Int:  9    God:
Gold:   265        SH:  9    Dex:  9    Spells: 5/5 levels left

rFire    . . .     SeeInvis .   g - +6 whip (freeze)
rCold    . . .     Faith    .   c - +0 kite shield
rNeg     + . .     Spirit   .   b - +0 scale mail
rPois    ∞         Reflect  .   (no helmet)
rElec    +         Harm     .   (no cloak)
rCorr    .         Rampage  .   (no gloves)
Will     .....                  (no boots)
Stlth    ..........             (no amulet)
HPRegen  0.12/turn              (no ring)
MPRegen  0.10/turn              (no ring)

@: no status effects
A: AC +4, negative energy resistance 1, electricity resistance, torment
resistance 1, unbreathing 1, petrification resistance
a: no special abilities


You were on level 5 of the Dungeon.
You visited 1 branch of the dungeon, and saw 5 of its levels.

You collected 265 gold pieces.

Inventory:

Hand Weapons
 a - a +0 flail
 g - a +6 whip of freezing (weapon)
Missiles
 f - 171 stones (quivered)
Armour
 b - a +0 scale mail (worn)
 c - a +0 kite shield (worn)
Scrolls
 h - 3 scrolls of teleportation
 m - 2 scrolls of identify
Potions
 d - a potion of might
 e - 2 potions of invisibility {unknown}
 j - a potion of berserk rage {unknown}
 k - 2 potions of lignification
 n - a potion of curing {unknown}
 o - a potion of haste {unknown}


   Skills:
 * Level 4.1 Fighting
 * Level 4.3 Maces & Flails
 + Level 4.9 Armour
 + Level 0.4 Dodging
 + Level 1.1 Stealth
 * Level 5.0 Shields


You had 5 spell levels left.
You didn't know any spells.
Your spell library contained the following spells:

 Spells                   Type           Power      Damage    Failure   Level
 Animate Skeleton         Necr           0%         N/A       98%         1
 Apportation              Tloc           0%         N/A       98%         1
 Corona                   Hex            0%         N/A       98%         1
 Summon Small Mammal      Summ           0%         N/A       98%         1
 Confusing Touch          Hex            0%         N/A       100%        3
 Gell's Gravitas          Tloc           0%         N/A       100%        3
 Petrify                  Tmut/Erth      0%         N/A       100%        4
 Metabolic Englaciation   Hex/Ice        0%         N/A       100%        5
 Yara's Violent Unravell  Hex/Tmut       0%         3d3       100%        5


Dungeon Overview and Level Annotations

Branches:
Dungeon (5/15)
 Temple: D:4-7

Altars:
Nemelex Xobeh
Qazlal

Shops:
D:3 ?:[(

Annotations:
D:4 Edmund


Innate Abilities, Weirdness & Mutations

Your stone body is resilient. (AC +4)
You are immune to poison.
You resist negative energy. (rN+)
You are resistant to electric shocks. (rElec)
You are resistant to unholy torment.
You can survive without breathing.
You are immune to petrification.


Message History

There is an open door here.
f - 171 stones (gained 10)
There is an open door here.
Found a hunting sling.
A centaur comes into view.
The centaur shouts!
The centaur wields a +0 shortbow.
The centaur shoots an arrow.
The arrow hits you!
The centaur shoots an arrow.
The arrow hits you!
The centaur shoots an arrow.
The arrow hits you but does no damage.
The centaur shoots an arrow.
The arrow barely misses you.
An orc comes into view. It is wielding a +0 club.
The orc shouts!
The centaur unwields a +0 shortbow.
The centaur hits you but does no damage.
An orc comes into view. It is wielding a +0 dagger.
You hit the centaur but do no damage. The centaur hits you.
* * * LOW HITPOINT WARNING * * *
An orc comes into view. It is wielding a +0 flail.
The centaur hits you but does no damage.
The orc shouts!
You whack the centaur! You freeze the centaur.
The centaur is severely wounded.
The centaur hits you but does no damage.
You whack the centaur! You freeze the centaur.
You kill the centaur!
Your Shields skill increases to level 5!
Your scale mail prevents you from hitting the orc.
The orc hits you with a +0 club.
You barely miss the orc. You block the orc's attack.
You closely miss the orc. You block the orc's attack.
The orc hits you with a +0 club.
* * * LOW HITPOINT WARNING * * *
You whack the orc! You freeze the orc.
You kill the orc!
You hit the orc but do no damage. The orc hits you with a +0 flail.
* * * LOW HITPOINT WARNING * * *
You barely miss the orc. You block the orc's attack.
The orc hits you with a +0 flail!
You die...

#.......)# ########.# .........#
...#...#.# #.# .........# #.#
...#...#.# ##.## .........# #...#
# ### ###########o# #...# ###.
..#####........#@## #...# #..#
#.#.....##.#.....# #####...###.##
...............#.###..........<.#
#..........##....................
...####.####.....###...........##
..##.>#.####..##.# #####...###.#
..#...#..........# #...# #...
..#'.#######.#.#.# #...# ####
...##### #.....# #...#


You could see an orc.

Vanquished Creatures
  A centaur (D:5)
  A scorpion (D:4)
  An orc priest (D:4)
  An iguana (D:4)
  A centaur skeleton (D:4)
  An orc wizard (D:4)
  A worker ant (D:4)
  Terence (D:3)
  7 adders
  4 worms
  A dart slug (D:3)
  A leopard gecko (D:2)
  3 orcs
  4 ball pythons
  5 giant cockroaches
  4 goblins
  3 hobgoblins
  4 jackals
  3 quokkas
  4 bats
  2 frilled lizards
  5 kobolds
  A quokka zombie (D:4)
  5 rats
64 creatures vanquished.

Vanquished Creatures (others)
  2 plants (D:5)
2 creatures vanquished.

Grand Total: 66 creatures vanquished

Notes
Turn   | Place    | Note
-------+----------+-------------------------------------------
     0 | D:1      | acebull12 the Gargoyle Fighter began the quest for the Orb.
     0 | D:1      | Reached XP level 1. HP: 14/14 MP: 1/1
   240 | D:1      | Reached XP level 2. HP: 19/19 MP: 2/2
   772 | D:2      | Found a sparkling altar of Nemelex Xobeh.
   817 | D:2      | Reached XP level 3. HP: 23/23 MP: 3/3
   968 | D:2      | Reached skill level 4 in Shields
  1024 | D:2      | Reached XP level 4. HP: 24/29 MP: 4/4
  1393 | D:3      | Noticed Terence
  1399 | D:3      | Killed Terence
  1407 | D:3      | Found Gaysyl's Magic Scroll Shoppe.
  1549 | D:3      | Found a stormy altar of Qazlal.
  1671 | D:3      | Reached XP level 5. HP: 32/33 MP: 5/5
  1907 | D:3      | Found Feicudex's Antique Armour Boutique.
  1916 | D:3      | Found Ragh's Book Boutique.
  2177 | D:3      | Found Rot Wah's Antique Weapon Boutique.
  2289 | D:4      | Reached skill level 1 in Stealth
  2402 | D:4      | Reached XP level 6. HP: 38/38 MP: 6/6
  2688 | D:4      | Noticed Edmund
  3055 | D:5      | Entered Level 5 of the Dungeon
  3304 | D:5      | Reached skill level 5 in Shields
  3321 | D:5      | Slain by an orc

Illustrated notes

Levels and vault maps discovered:
D:1:      minmay_arrival_cross, layout_basic, minmay_tromino_v2
D:2:      layout_rooms, nemelex_xobeh_ov_fountains_minmay
D:3:      layout_basic, grunt_qazlal_sundering, serial_shops, shop, shop,
          nicolae_shop_crystal, shop_scrolls, patterned_corridor, uniq_terence
D:4:      layout_loops_ring, uniq_crazy_yiuf_cottage, uniq_edmund
D:5:      layout_loops_cross, lemuel_coloured_pillars_altar, okawaru_trees_2,
          gammafunk_temple_overflow_forgotten, grunt_ministairs_6,
          due_unseen_surprise

Skill      XL: |  1  2  3  4  5  6 |
---------------+-------------------+-----
Shields        | 4 5 |  5.0
Armour         | 4 |  4.9
Maces & Flails | 3 4 |  4.3
Stealth        | 1 |  1.1
Fighting       | 4 |  4.1
Dodging        | |  0.4

Action                   |  1- 3 |  4- 6 || total
-------------------------+-------+-------++-------
Melee: Flail             |    38 |       ||    38
       Whip              |    45 |   103 ||   148
Throw: Stone             |       |     5 ||     5
  Use: Scroll            |       |     6 ||     6
Armor: Scale mail        |    46 |    34 ||    80
Dodge: Dodged            |    22 |    17 ||    39
Block: Kite shield       |    32 |    35 ||    67

Table legend: (Time is in decaauts)
 A = Elapsed time spent in this place.
 B = Non-inter-level travel time spent in this place.
 C = Inter-level travel time spent in this place.
 D = Time resting spent in this place.
 E = Time spent auto-exploring this place.
 F = Levels seen in this place.
 G = Mean time per level.
                   A        B        C        D        E       F      G
               +--------+--------+--------+--------+--------+-----+--------+
         Total |   3370 |   3147 |    223 |    131 |   2182 |   5 |  674.0 |
       Dungeon |   3370 |   3147 |    223 |    131 |   2182 |   5 |  674.0 |
               +--------+--------+--------+--------+--------+-----+--------+

Top non-repeatable levels by time:
     D:3: 869 daAuts
     D:1: 833 daAuts
     D:4: 816 daAuts
     D:2: 585 daAuts
     D:5: 266 daAuts
